Zazza, neutral female human Wizard ---- ---- --- |..| |..-------------------.-----------------------..-------- |....................................s@.%..........--..--- ---..--------------.....------------------------.........---- ---- |...........................| ---..........--- |..| ------------------.....----.--- |............| --..| |..|.---- |....-- |...---- --..|...---...-- |...| |.....|.-------....| ---....-- ----..---..| --...------.|.| ---................-- |......| --.....------ |........%.|.| ----............----.-- --......--- |..--....| |..--------|.| --.|.......--....| |..---.....<...--- |..|--...| ---- |.--- ---...^....------.-| |-..........^....--- ---- |...-- --- |.%.-- --........--- |..|---..................-- --...-- --.--- --...| |........-- -----.....................| |-...| |....---- --..| |........-- |..............--.....-- |.^..| |.......-- ---- ---.......| --.......>..--------..| --^..---........| --.....-- |..........| ---- |..............| --.|..| ---........| ---..........--- ------ ----.|.--- --.|.|.--.-- ----- ---------- Zazza the Conjurer Experience level: 4 Strength: 13 Dexterity: 13 Constitution: 10 Intelligence: 18 Wisdom: 12 Charisma: 10 Health: 0(23) Energy: 25(32) Def: 1 Gold: 67 Moves: 1599 Dungeon seed: Fm63AzET73xpp-nB Game ID: Zazza_1577140669 Your Inventory: Coins $ - 67 gold pieces Weapons a - a blessed +1 quarterstaff (weapon in hands) s - 3 +0 orcish daggers x - 10 blessed +2 darts y - 3 +0 daggers B - 23 +0 darts C - 9 +0 shuriken Armor e - an uncursed +0 cloak of magic resistance (being worn) n - a blessed +1 cloak of protection r - an uncursed +0 orcish helm z - an uncursed +0 dwarvish cloak E - an uncursed +0 pair of iron shoes N - an uncursed +0 pair of iron shoes Comestibles p - 3 uncursed lichen corpses t - an uncursed food ration Scrolls i - an uncursed scroll of taming j - an uncursed scroll of genocide k - an uncursed scroll of enchant armor Spellbooks l - a blessed spellbook of force bolt m - an uncursed spellbook of detect unseen Potions f - an uncursed potion of sickness g - an uncursed potion of enlightenment h - an uncursed potion of invisibility v - an uncursed potion of monster detection Rings c - an uncursed ring of shock resistance d - an uncursed ring of teleport control Wands b - a wand of make invisible (0:4) Tools q - an uncursed skeleton key A - a crystal ball (0:1) Gems D - an uncursed worthless piece of white glass F - an uncursed chrysoberyl stone G - 2 uncursed agate stones Y - 2 uncursed sapphires Spells and supernatural/magical abilities: Name Level Category Fail Memory a - force bolt 1 attack 0% 93% U - detect unseen 3 divination 85% 93% W - pray for help -- divine ? -- Your skills at the end: Fighting Skills Weapon Skills quarterstaff [Basic] Spellcasting Skills attack spells [Basic] enchantment spells [Basic] Final Attributes: You were piously aligned. You were magic-protected. You are dead. Vanquished creatures: 2 gnome lords a kitten 2 dwarves an iguana an acid blob a hobbit 2 hobgoblins a brown mold a yellow mold 8 gnomes a garter snake 2 goblins a sewer rat 2 grid bugs 4 lichens 7 newts 37 creatures vanquished. Voluntary challenges: You were an atheist. You used a wielded weapon 23 times, starting on turn 120. You were illiterate. You never genocided any monsters. You never polymorphed an object. You never changed form. You used no wishes. You never split a pudding. You never wrote Elbereth's name. You never violated your personal moral code. Dungeon overview: The Dungeons of Doom: levels 1 to 2 Level 1 a long staircase Level 2 stairs to The Gnomish Mines The Gnomish Mines: Level 3 <- You were here stairs to The Dungeons of Doom History has recorded: On T:1 you entered the Dungeons of Doom to retrieve the Amulet of Yendor! On T:338 you reached level 2 of The Dungeons of Doom. On T:487 you advanced to experience level 2. On T:608 you reached level 1 of The Gnomish Mines. On T:614 you advanced to experience level 3. On T:799 you advanced to experience level 4. Score breakdown: Gold: 67 ( 6233 points) Experience: 4 levels ( 9649 points) Exploration: 3 levels ( 6.12%) ( 6123 points) Discoveries: 4 items ( 1.39%) ( 3541 points) Valuables value: (no points given unless you survive) Artifact value: 0 ( 0 points) Variety of kills: 16 monsters ( 4.20%) ( 6147 points) Turncount: 1599 turns ( 0 points) Survival: died (score multiplied by 80%) Total score: 25354 Latest messages: You see here an acid blob corpse. You are still in a pit. You crawl to the edge of the pit. The cave spider bites! You miss the cave spider. The cave spider bites! (2x) You miss the cave spider. The cave spider bites! You miss the cave spider. The cave spider bites! You miss the cave spider. The cave spider bites! (2x) You miss the cave spider. The cave spider bites! You miss the cave spider. The cave spider bites! The spell misses the cave spider. The cave spider bites! (2x) The spell misses the cave spider. The cave spider bites! You die... Final status: Goodbye Zazza the Wizard, killed by a cave spider... You died in The Gnomish Mines on dungeon level 3 with 25354 points, and 67 pieces of gold, after 1599 moves. You were level 4 with a maximum of 23 hit points when you died.